2751 views
Uploaded 2022-05-18 22:45:23
Game version 1.32.10
57:47 long 3on3 ladder game on (6)StranglethornVale
Saved by Cabeelibob
2751 views
Uploaded 2022-05-18 22:45:23
Game version 1.32.10
57:47 long 3on3 ladder game on (6)StranglethornVale


224 units @ 29.6k
/ 4.7k
121 buildings @ 19.3k
/ 10.7k
knightlife
(2)
(45:48) : 

| Lesser Clarity Potion | 3 | 210 |
| Potion of Mana | 1 | 200 |
| Dust of Appearance | 3 | 225 |
| Scroll of Town Portal | 2 | 700 |
| Orb of Lightning | 2 | 750 |
| Scroll of Speed | 1 | 50 |
| total: | 12 | 2135g |
| Wisp | 54 | 3240 | / | 0 |
| Archer | 12 | 1560 | / | 120 |
| Chimaera | 7 | 2310 | / | 490 |
| Hippogryph | 9 | 1440 | / | 180 |
| Glaive Thrower | 5 | 1050 | / | 325 |
| total: | 87 | 9600g | / | 1115w |
| Ancient Protector | 21 | 2835 | / | 1680 |
| Altar of Elders | 1 | 180 | / | 50 |
| Moon Well | 7 | 1260 | / | 280 |
| Ancient of Wonders | 1 | 90 | / | 30 |
| Ancient of War | 5 | 750 | / | 300 |
| Hunter's Hall | 1 | 210 | / | 100 |
| Tree of Life | 3 | 1020 | / | 555 |
| Ancient of Wind | 4 | 600 | / | 560 |
| Chimaera Roost | 3 | 420 | / | 570 |
| Tree of Ages | 1 | 320 | / | 180 |
| Tree of Eternity | 1 | 330 | / | 200 |
| total: | 46 | 7365g | / | 4125w |
| 0:05 | Wisp |
| 0:05 | Wisp |
| 0:05 | Wisp |
| 0:13 | Altar of Elders |
| 0:19 | Moon Well |
| 0:23 | Wisp |
| 0:43 | Wisp |
| 0:43 | Wisp |
| 1:02 | Wisp |
| 1:32 | Ancient of Wonders |
| 1:35 | Wisp |
| 1:35 | Wisp |
| 1:36 | Wisp |
| 1:41 | Ancient of War |
| 1:43 | Wisp |
| 2:28 | Moon Well |
| 2:31 | Entangling Roots |
| 3:32 | Archer |
| 3:32 | Archer |
| 3:34 | Tree of Ages |
| 3:40 | Lesser Clarity Potion |
| 3:54 | Dust of Appearance |
| 5:33 | Hunter's Hall |
| 6:01 | Lesser Clarity Potion |
| 6:04 | Tree of Eternity |
| 6:22 | Archer |
| 6:59 | Force of Nature |
| 8:13 | Dust of Appearance |
| 8:13 | Potion of Mana |
| 8:15 | Lesser Clarity Potion |
| 8:27 | Chimaera Roost |
| 8:28 | Chimaera Roost |
| 9:17 | Tree of Life |
| 9:28 | Ancient Protector |
| 9:48 | Chimaera |
| 9:55 | Corrosive Breath |
| 10:11 | Wisp |
| 10:14 | Wisp |
| 10:31 | Wisp |
| 10:31 | Wisp |
| 10:33 | Wisp |
| 11:08 | Ancient Protector |
| 11:10 | Ancient Protector |
| 11:16 | Wisp |
| 11:16 | Wisp |
| 11:30 | Wisp |
| 11:38 | Ancient Protector |
| 11:41 | Wisp |
| 11:42 | Wisp |
| 12:16 | Ancient Protector |
| 12:23 | Wisp |
| 12:23 | Wisp |
| 12:23 | Wisp |
| 12:23 | Wisp |
| 12:26 | Wisp |
| 12:26 | Wisp |
| 12:27 | Wisp |
| 12:42 | Wisp |
| 12:43 | Wisp |
| 12:53 | Ancient Protector |
| 12:55 | Wisp |
| 12:59 | Ancient Protector |
| 13:04 | Wisp |
| 13:04 | Wisp |
| 13:15 | Ancient of Wind |
| 13:16 | Wisp |
| 13:17 | Wisp |
| 13:17 | Wisp |
| 13:18 | Wisp |
| 13:19 | Wisp |
| 13:53 | Wisp |
| 13:53 | Wisp |
| 13:55 | Moon Well |
| 14:00 | Ancient Protector |
| 14:02 | Ancient Protector |
| 14:07 | Wisp |
| 14:07 | Wisp |
| 14:07 | Wisp |
| 14:09 | Wisp |
| 14:09 | Wisp |
| 14:09 | Wisp |
| 14:27 | Ancient of Wind |
| 14:28 | Hippogryph |
| 15:03 | Entangling Roots |
| 15:13 | Ancient of Wind |
| 15:14 | Ancient of Wind |
| 15:17 | Ancient Protector |
| 15:19 | Ancient Protector |
| 15:21 | Ancient Protector |
| 15:26 | Wisp |
| 15:26 | Wisp |
| 15:26 | Wisp |
| 15:26 | Wisp |
| 15:59 | Chimaera |
| 16:14 | Moon Armor |
| 16:16 | Reinforced Hides |
| 16:21 | Ancient Protector |
| 16:23 | Wisp |
| 16:23 | Wisp |
| 16:24 | Wisp |
| 16:25 | Wisp |
| 16:51 | Moon Well |
| 16:57 | Nature's Blessing |
| 17:05 | Ancient Protector |
| 17:09 | Ancient Protector |
| 17:21 | Strength of the Wild |
| 17:27 | Chimaera Roost |
| 17:45 | Moon Well |
| 18:33 | Moon Well |
| 18:35 | Moon Well |
| 18:42 | Orb of Lightning |
| 18:47 | Mana Burn |
| 18:58 | Dust of Appearance |
| 19:53 | Tree of Life |
| 20:15 | Ancient Protector |
| 20:17 | Ancient Protector |
| 20:19 | Ancient Protector |
| 20:23 | Ancient Protector |
| 20:45 | Ancient Protector |
| 20:48 | Ancient Protector |
| 21:18 | Scroll of Town Portal |
| 21:21 | Hippogryph |
| 21:22 | Hippogryph |
| 21:26 | Chimaera |
| 22:12 | Chimaera |
| 22:14 | Hippogryph |
| 22:15 | Hippogryph |
| 23:04 | Orb of Lightning |
| 23:05 | Scroll of Speed |
| 23:54 | Hippogryph |
| 23:55 | Hippogryph |
| 24:20 | Improved Reinforced Hides |
| 24:20 | Improved Strength of the Wild |
| 26:12 | Chimaera |
| 26:14 | Chimaera |
| 27:18 | Hippogryph |
| 29:43 | Archer |
| 29:43 | Archer |
| 29:43 | Archer |
| 29:44 | Marksmanship |
| 29:44 | Improved Bows |
| 29:46 | Archer |
| 29:46 | Archer |
| 31:20 | Tree of Life |
| 31:30 | Ancient of War |
| 31:47 | Ancient of War |
| 31:49 | Ancient of War |
| 31:51 | Ancient of War |
| 31:54 | Strength of the Moon |
| 31:54 | Improved Moon Armor |
| 34:15 | Force of Nature |
| 34:55 | Archer |
| 34:56 | Archer |
| 35:10 | Scroll of Town Portal |
| 35:38 | Glaive Thrower |
| 35:41 | Vorpal Blades |
| 35:45 | Glaive Thrower |
| 37:24 | Chimaera |
| 37:29 | Archer |
| 37:29 | Glaive Thrower |
| 37:49 | Hippogryph |
| 37:54 | Glaive Thrower |
| 37:55 | Archer |
| 37:57 | Improved Strength of the Moon |
| 37:57 | Advanced Moon Armor |
| 37:59 | Glaive Thrower |
| 38:26 | Mana Burn |
| 38:27 | Evasion |
| Right click | 1962 |
| Select | 758 |
| Build/train/purchase | 189 |
| Use ability | 84 |
| Resource trade | 22 |
| Minimap ping | 12 |
| Misc. action | 9 |
| Item give/drop | 2 |


| Healing Salve | 4 | 400 |
| Lesser Clarity Potion | 5 | 350 |
| total: | 9 | 750g |
| Peon | 17 | 1275 | / | 0 |
| Grunt | 4 | 800 | / | 0 |
| Troll Batrider | 48 | 7680 | / | 1920 |
| Troll Witch Doctor | 16 | 2320 | / | 400 |
| Wind Rider | 4 | 1060 | / | 160 |
| Demolisher | 1 | 220 | / | 50 |
| total: | 90 | 13355g | / | 2530w |
| Watch Tower | 15 | 1650 | / | 1200 |
| Altar of Storms | 1 | 180 | / | 50 |
| Orc Burrow | 6 | 960 | / | 240 |
| Barracks | 1 | 180 | / | 50 |
| Voodoo Lounge | 1 | 130 | / | 30 |
| Great Hall | 1 | 385 | / | 185 |
| War Mill | 1 | 205 | / | 0 |
| Beastiary | 5 | 725 | / | 700 |
| Spirit Lodge | 1 | 150 | / | 150 |
| Stronghold | 1 | 315 | / | 190 |
| Fortress | 1 | 325 | / | 190 |
| total: | 32 | 4565g | / | 2605w |
| 0:02 | Peon |
| 0:03 | Peon |
| 0:06 | Pillage |
| 0:22 | Altar of Storms |
| 0:25 | Peon |
| 0:36 | Orc Burrow |
| 0:40 | Peon |
| 0:49 | Barracks |
| 0:55 | Peon |
| 1:21 | Voodoo Lounge |
| 1:50 | Orc Burrow |
| 1:51 | Grunt |
| 2:14 | Grunt |
| 2:25 | Serpent Ward |
| 2:26 | Healing Salve |
| 2:27 | Lesser Clarity Potion |
| 2:40 | Grunt |
| 2:47 | Peon |
| 3:18 | Grunt |
| 4:03 | Hex |
| 4:14 | Healing Salve |
| 4:14 | Healing Salve |
| 4:14 | Lesser Clarity Potion |
| 4:23 | Stronghold |
| 5:19 | Great Hall |
| 5:26 | Orc Burrow |
| 5:30 | War Mill |
| 6:35 | Orc Burrow |
| 6:51 | Watch Tower |
| 6:54 | Watch Tower |
| 6:56 | Peon |
| 6:56 | Peon |
| 6:56 | Peon |
| 7:33 | Orc Burrow |
| 7:50 | Peon |
| 7:51 | Peon |
| 8:01 | Peon |
| 8:08 | Lesser Clarity Potion |
| 8:09 | Healing Salve |
| 8:17 | Watch Tower |
| 8:20 | Peon |
| 8:22 | Feral Spirit |
| 8:35 | Peon |
| 8:40 | Beastiary |
| 8:44 | Watch Tower |
| 9:16 | Watch Tower |
| 9:18 | Peon |
| 9:19 | Peon |
| 9:25 | Peon |
| 9:46 | Troll Batrider |
| 9:46 | Troll Batrider |
| 9:58 | Spirit Lodge |
| 10:05 | Watch Tower |
| 10:30 | Reinforced Defenses |
| 10:45 | Troll Batrider |
| 11:14 | Troll Batrider |
| 11:20 | Watch Tower |
| 11:27 | Witch Doctor Adept Training |
| 11:27 | Troll Witch Doctor |
| 11:36 | Orc Burrow |
| 11:44 | Troll Batrider |
| 11:56 | Troll Batrider |
| 12:26 | Fortress |
| 12:33 | Watch Tower |
| 12:44 | Troll Batrider |
| 12:44 | Troll Batrider |
| 13:04 | Troll Witch Doctor |
| 13:11 | Troll Batrider |
| 13:36 | Troll Witch Doctor |
| 13:42 | Watch Tower |
| 14:49 | Witch Doctor Master Training |
| 14:51 | Liquid Fire |
| 15:52 | Serpent Ward |
| 16:07 | Troll Batrider |
| 16:08 | Troll Batrider |
| 16:08 | Wind Rider |
| 16:08 | Wind Rider |
| 16:08 | Wind Rider |
| 16:10 | Troll Batrider |
| 16:37 | Troll Batrider |
| 16:45 | Troll Witch Doctor |
| 16:45 | Troll Witch Doctor |
| 17:25 | Troll Batrider |
| 17:28 | Beastiary |
| 17:54 | Troll Batrider |
| 18:36 | Wind Rider |
| 18:50 | Watch Tower |
| 18:58 | Troll Batrider |
| 18:59 | Troll Batrider |
| 19:02 | Spiked Barricades |
| 19:17 | Troll Batrider |
| 19:19 | Troll Batrider |
| 19:20 | Troll Batrider |
| 21:06 | Beastiary |
| 21:10 | Beastiary |
| 21:43 | Watch Tower |
| 22:00 | Watch Tower |
| 22:03 | Watch Tower |
| 22:49 | Watch Tower |
| 22:53 | Watch Tower |
| 23:01 | Beastiary |
| 23:02 | Troll Batrider |
| 23:02 | Troll Batrider |
| 23:02 | Troll Batrider |
| 23:02 | Troll Batrider |
| 23:02 | Troll Batrider |
| 23:34 | Troll Batrider |
| 23:34 | Troll Batrider |
| 24:01 | Troll Batrider |
| 24:02 | Troll Witch Doctor |
| 24:02 | Troll Witch Doctor |
| 24:11 | Backpack |
| 24:58 | Troll Batrider |
| 25:08 | Troll Batrider |
| 25:54 | Troll Batrider |
| 26:55 | Troll Witch Doctor |
| 27:08 | Troll Batrider |
| 27:08 | Troll Batrider |
| 27:31 | Troll Batrider |
| 27:31 | Troll Batrider |
| 28:36 | Troll Batrider |
| 28:36 | Troll Batrider |
| 29:23 | Troll Batrider |
| 29:23 | Troll Batrider |
| 29:24 | Troll Witch Doctor |
| 29:24 | Troll Witch Doctor |
| 29:24 | Troll Witch Doctor |
| 29:24 | Troll Witch Doctor |
| 30:40 | Troll Witch Doctor |
| 30:57 | Troll Batrider |
| 32:47 | Troll Batrider |
| 32:52 | Hex |
| 32:52 | Hex |
| 32:57 | Hex |
| 33:17 | Berserker Strength |
| 34:06 | Demolisher |
| 35:15 | Troll Witch Doctor |
| 36:04 | Burning Oil |
| 39:30 | Lesser Clarity Potion |
| 39:30 | Lesser Clarity Potion |
| 39:53 | Troll Witch Doctor |
| 39:53 | Troll Witch Doctor |
| 39:55 | Troll Batrider |
| 42:40 | Troll Batrider |
| 42:40 | Troll Batrider |
| 42:40 | Troll Batrider |
| 42:40 | Troll Batrider |
| 42:40 | Troll Batrider |
| 44:09 | Troll Batrider |
| Right click | 2169 |
| Select group | 1596 |
| Select | 623 |
| Use ability | 195 |
| Build/train/purchase | 165 |
| Assign group | 44 |
| Minimap ping | 23 |
| Resource trade | 15 |
| Remove unit | 7 |
| Item give/drop | 3 |
| Misc. action | 1 |
| Esc | 1 |



| Lesser Clarity Potion | 3 | 210 |
| Orb of Venom | 1 | 325 |
| Staff of Preservation | 1 | 150 |
| Dust of Appearance | 1 | 75 |
| Potion of Invisibility | 1 | 100 |
| total: | 7 | 860g |
| Wisp | 33 | 1980 | / | 0 |
| Chimaera | 13 | 4290 | / | 910 |
| Goblin Shredder | 1 | 375 | / | 100 |
| total: | 47 | 6645g | / | 1010w |
| Ancient Protector | 21 | 2835 | / | 1680 |
| Ancient of War | 1 | 150 | / | 60 |
| Altar of Elders | 2 | 360 | / | 100 |
| Moon Well | 8 | 1440 | / | 320 |
| Hunter's Hall | 1 | 210 | / | 100 |
| Tree of Life | 5 | 1700 | / | 925 |
| Ancient of Wonders | 1 | 90 | / | 30 |
| Chimaera Roost | 4 | 560 | / | 760 |
| Tree of Ages | 1 | 320 | / | 180 |
| Tree of Eternity | 1 | 330 | / | 200 |
| total: | 43 | 7345g | / | 3975w |
| 0:02 | Wisp |
| 0:24 | Ancient of War |
| 0:29 | Wisp |
| 0:29 | Wisp |
| 0:33 | Altar of Elders |
| 0:46 | Moon Well |
| 0:52 | Wisp |
| 0:52 | Wisp |
| 0:52 | Wisp |
| 2:03 | Wisp |
| 2:04 | Wisp |
| 2:04 | Wisp |
| 2:04 | Wisp |
| 2:16 | Hunter's Hall |
| 2:25 | Moon Well |
| 3:02 | Entangling Roots |
| 3:55 | Tree of Ages |
| 3:59 | Ultravision |
| 4:03 | Moon Well |
| 4:25 | Tree of Life |
| 4:27 | Tree of Life |
| 5:01 | Force of Nature |
| 5:10 | Ancient of Wonders |
| 5:29 | Ancient Protector |
| 5:31 | Moon Well |
| 5:33 | Ancient Protector |
| 5:35 | Lesser Clarity Potion |
| 6:10 | Goblin Shredder |
| 6:14 | Ancient Protector |
| 6:19 | Tree of Eternity |
| 6:39 | Moon Well |
| 7:02 | Wisp |
| 7:02 | Wisp |
| 7:02 | Wisp |
| 7:02 | Wisp |
| 7:02 | Wisp |
| 7:07 | Strength of the Wild |
| 7:35 | Ancient Protector |
| 7:37 | Ancient Protector |
| 7:43 | Moon Well |
| 8:13 | Wisp |
| 8:13 | Wisp |
| 8:31 | Lesser Clarity Potion |
| 8:31 | Dust of Appearance |
| 8:38 | Moon Well |
| 8:39 | Moon Well |
| 8:44 | Chimaera Roost |
| 8:45 | Chimaera Roost |
| 8:55 | Lesser Clarity Potion |
| 9:02 | Wisp |
| 9:12 | Chimaera Roost |
| 9:22 | Wisp |
| 9:24 | Ancient Protector |
| 9:36 | Well Spring |
| 9:58 | Ancient Protector |
| 10:00 | Mana Burn |
| 10:03 | Entangling Roots |
| 10:11 | Chimaera |
| 10:25 | Wisp |
| 10:37 | Orb of Venom |
| 10:38 | Staff of Preservation |
| 10:46 | Corrosive Breath |
| 11:13 | Chimaera |
| 11:46 | Chimaera |
| 12:03 | Scout |
| 12:13 | Improved Strength of the Wild |
| 12:32 | Chimaera |
| 13:14 | Chimaera |
| 13:16 | Reinforced Hides |
| 15:11 | Chimaera |
| 15:45 | Chimaera |
| 15:45 | Chimaera |
| 16:38 | Chimaera Roost |
| 16:41 | Advanced Strength of the Wild |
| 16:41 | Improved Reinforced Hides |
| 17:56 | Wisp |
| 17:57 | Wisp |
| 17:57 | Wisp |
| 17:57 | Wisp |
| 17:57 | Wisp |
| 17:57 | Wisp |
| 17:57 | Wisp |
| 17:57 | Wisp |
| 17:57 | Wisp |
| 17:57 | Wisp |
| 17:57 | Wisp |
| 18:25 | Ancient Protector |
| 18:25 | Ancient Protector |
| 18:26 | Ancient Protector |
| 18:27 | Ancient Protector |
| 18:30 | Ancient Protector |
| 18:30 | Ancient Protector |
| 18:31 | Ancient Protector |
| 19:02 | Ancient Protector |
| 19:51 | Trueshot Aura |
| 20:12 | Ancient Protector |
| 20:18 | Ancient Protector |
| 20:20 | Ancient Protector |
| 20:25 | Ancient Protector |
| 20:29 | Chimaera |
| 21:24 | Ancient Protector |
| 21:32 | Chimaera |
| 21:35 | Advanced Reinforced Hides |
| 21:37 | Nature's Blessing |
| 22:51 | Ancient Protector |
| 26:54 | Wisp |
| 26:54 | Wisp |
| 29:03 | Chimaera |
| 30:07 | Evasion |
| 30:25 | Force of Nature |
| 32:30 | Scout |
| 33:06 | Chimaera |
| 35:22 | Chimaera |
| 36:21 | Mana Burn |
| 45:05 | Altar of Elders |
| 48:34 | Tree of Life |
| 48:49 | Tree of Life |
| 51:42 | Potion of Invisibility |
| 52:30 | Tree of Life |
| Right click | 2984 |
| Select | 801 |
| Chat | 514 |
| Select group | 191 |
| Build/train/purchase | 167 |
| Use ability | 126 |
| Assign group | 94 |
| Misc. action | 49 |
| Minimap ping | 8 |
| Item give/drop | 7 |
| Esc | 3 |
120 units @ 13.2k
/ 2k
292 buildings @ 20.3k
/ 11.7k



| Peasant | 23 | 1725 | / | 0 |
| Mortar Team | 5 | 900 | / | 350 |
| Flying Machine | 25 | 2500 | / | 750 |
| total: | 53 | 5125g | / | 1100w |
| Scout Tower | 46 | 1380 | / | 920 |
| Arcane Tower | 4 | 280 | / | 200 |
| Guard Tower | 15 | 1050 | / | 750 |
| Altar of Kings | 1 | 180 | / | 50 |
| Farm | 21 | 1680 | / | 420 |
| Lumber Mill | 1 | 120 | / | 0 |
| Town Hall | 1 | 385 | / | 205 |
| Blacksmith | 1 | 140 | / | 60 |
| Workshop | 5 | 700 | / | 700 |
| Keep | 1 | 320 | / | 210 |
| Castle | 1 | 360 | / | 210 |
| total: | 76 | 4585g | / | 2355w |
| 0:02 | Peasant |
| 0:18 | Altar of Kings |
| 0:18 | Peasant |
| 0:34 | Farm |
| 0:35 | Peasant |
| 0:35 | Peasant |
| 0:43 | Peasant |
| 0:51 | Lumber Mill |
| 0:52 | Peasant |
| 0:56 | Farm |
| 1:12 | Peasant |
| 1:18 | Scout Tower |
| 1:22 | Peasant |
| 1:39 | Peasant |
| 1:44 | Arcane Tower |
| 1:47 | Peasant |
| 1:54 | Farm |
| 1:55 | Peasant |
| 2:13 | Scout Tower |
| 2:14 | Scout Tower |
| 2:14 | Scout Tower |
| 2:15 | Scout Tower |
| 2:23 | Peasant |
| 2:38 | Storm Bolt |
| 3:04 | Guard Tower |
| 3:17 | Peasant |
| 3:17 | Peasant |
| 3:36 | Town Hall |
| 3:44 | Peasant |
| 3:51 | Guard Tower |
| 3:53 | Scout Tower |
| 3:53 | Scout Tower |
| 3:54 | Scout Tower |
| 3:57 | Scout Tower |
| 4:01 | Improved Lumber Harvesting |
| 4:02 | Peasant |
| 4:23 | Arcane Tower |
| 4:28 | Arcane Tower |
| 4:59 | Guard Tower |
| 5:13 | Scout Tower |
| 5:13 | Scout Tower |
| 5:21 | Peasant |
| 5:21 | Peasant |
| 5:31 | Keep |
| 5:32 | Improved Masonry |
| 5:34 | Peasant |
| 5:46 | Scout Tower |
| 5:53 | Peasant |
| 6:07 | Guard Tower |
| 6:12 | Peasant |
| 6:24 | Blacksmith |
| 6:28 | Scout Tower |
| 6:28 | Scout Tower |
| 6:29 | Scout Tower |
| 6:30 | Scout Tower |
| 6:31 | Scout Tower |
| 6:31 | Scout Tower |
| 6:34 | Scout Tower |
| 6:40 | Guard Tower |
| 6:49 | Scout Tower |
| 6:50 | Scout Tower |
| 6:52 | Scout Tower |
| 6:53 | Scout Tower |
| 6:53 | Scout Tower |
| 6:55 | Scout Tower |
| 6:58 | Scout Tower |
| 6:59 | Peasant |
| 6:59 | Peasant |
| 7:02 | Bash |
| 7:06 | Guard Tower |
| 7:20 | Guard Tower |
| 7:24 | Guard Tower |
| 7:56 | Guard Tower |
| 7:57 | Scout Tower |
| 8:01 | Castle |
| 8:02 | Black Gunpowder |
| 8:03 | Workshop |
| 8:27 | Workshop |
| 8:31 | Workshop |
| 8:33 | Workshop |
| 8:39 | Workshop |
| 8:42 | Guard Tower |
| 9:17 | Bash |
| 9:36 | Holy Light |
| 9:38 | Flak Cannons |
| 9:38 | Flare |
| 9:42 | Refined Gunpowder |
| 9:43 | Mortar Team |
| 9:50 | Farm |
| 9:51 | Farm |
| 9:51 | Farm |
| 9:51 | Farm |
| 9:53 | Farm |
| 9:58 | Guard Tower |
| 9:59 | Scout Tower |
| 10:00 | Scout Tower |
| 10:00 | Scout Tower |
| 10:02 | Advanced Lumber Harvesting |
| 10:25 | Flying Machine Bombs |
| 10:25 | Fragmentation Shards |
| 10:27 | Iron Plating |
| 10:32 | Guard Tower |
| 10:35 | Scout Tower |
| 10:35 | Scout Tower |
| 10:36 | Scout Tower |
| 11:10 | Mortar Team |
| 11:13 | Guard Tower |
| 11:19 | Scout Tower |
| 11:20 | Scout Tower |
| 11:22 | Advanced Masonry |
| 13:16 | Flying Machine |
| 13:16 | Flying Machine |
| 13:17 | Flying Machine |
| 13:17 | Flying Machine |
| 13:17 | Flying Machine |
| 13:17 | Flying Machine |
| 13:17 | Flying Machine |
| 13:26 | Imbued Gunpowder |
| 13:26 | Steel Plating |
| 14:23 | Flying Machine |
| 14:23 | Flying Machine |
| 14:23 | Flying Machine |
| 15:13 | Flying Machine |
| 15:13 | Flying Machine |
| 16:06 | Flying Machine |
| 16:06 | Flying Machine |
| 16:06 | Flying Machine |
| 16:09 | Farm |
| 16:09 | Farm |
| 16:09 | Farm |
| 16:13 | Arcane Tower |
| 16:15 | Farm |
| 16:16 | Farm |
| 16:17 | Farm |
| 16:18 | Farm |
| 16:42 | Mithril Plating |
| 16:52 | Farm |
| 16:53 | Farm |
| 16:54 | Farm |
| 17:01 | Storm Bolt |
| 17:02 | Divine Shield |
| 18:20 | Divine Shield |
| 18:25 | Farm |
| 18:25 | Farm |
| 18:26 | Farm |
| 19:36 | Imbued Masonry |
| 20:19 | Flying Machine |
| 20:20 | Flying Machine |
| 25:06 | Storm Bolt |
| 25:09 | Blizzard |
| 30:00 | Flying Machine |
| 30:00 | Flying Machine |
| 30:01 | Flying Machine |
| 30:01 | Flying Machine |
| 30:01 | Flying Machine |
| 30:01 | Flying Machine |
| 30:01 | Flying Machine |
| 31:04 | Flying Machine |
| 31:11 | Holy Light |
| 31:12 | Holy Light |
| 32:08 | Bash |
| 34:00 | Storm Bolt |
| 34:01 | Divine Shield |
| 35:44 | Scout Tower |
| 35:44 | Scout Tower |
| 35:45 | Scout Tower |
| 35:45 | Scout Tower |
| 35:45 | Scout Tower |
| 37:00 | Guard Tower |
| 39:27 | Scout Tower |
| 39:27 | Scout Tower |
| 39:28 | Scout Tower |
| 39:29 | Scout Tower |
| 39:30 | Scout Tower |
| 39:32 | Scout Tower |
| 40:13 | Guard Tower |
| 42:35 | Avatar |
| 42:36 | Storm Bolt |
| 42:37 | Bash |
| 42:38 | Holy Light |
| 42:39 | Holy Light |
| 42:40 | Divine Shield |
| 42:41 | Resurrection |
| 46:54 | Resurrection |
| 47:22 | Avatar |
| 48:17 | Mortar Team |
| 48:17 | Mortar Team |
| 48:17 | Mortar Team |
| 54:49 | Divine Shield |
| 54:51 | Bash |
| Right click | 2764 |
| Select group | 1188 |
| Select | 480 |
| Misc. action | 256 |
| Use ability | 185 |
| Build/train/purchase | 164 |
| Resource trade | 31 |
| Minimap ping | 28 |
| Assign group | 14 |
| Chat | 10 |
GIGA
(207)
(57:48) : 
| Healing Salve | 2 | 200 |
| Lesser Clarity Potion | 3 | 210 |
| Orb of Lightning | 2 | 750 |
| Boots of Speed | 2 | 500 |
| Staff of Teleportation | 1 | 150 |
| Periapt of Vitality | 1 | 325 |
| total: | 11 | 2135g |
| Peon | 18 | 1350 | / | 0 |
| Troll Witch Doctor | 9 | 1305 | / | 225 |
| Kodo Beast | 1 | 255 | / | 60 |
| Shaman | 6 | 780 | / | 120 |
| Goblin Shredder | 1 | 375 | / | 100 |
| total: | 35 | 4065g | / | 505w |
| Watch Tower | 56 | 6160 | / | 4480 |
| Altar of Storms | 2 | 360 | / | 100 |
| Orc Burrow | 6 | 960 | / | 240 |
| War Mill | 2 | 410 | / | 0 |
| Voodoo Lounge | 2 | 260 | / | 60 |
| Great Hall | 1 | 385 | / | 185 |
| Spirit Lodge | 1 | 150 | / | 150 |
| Beastiary | 1 | 145 | / | 140 |
| Stronghold | 1 | 315 | / | 190 |
| Fortress | 1 | 325 | / | 190 |
| total: | 71 | 8830g | / | 5355w |
| 0:04 | Peon |
| 0:04 | Peon |
| 0:08 | Altar of Storms |
| 0:19 | Orc Burrow |
| 0:26 | Peon |
| 0:35 | Peon |
| 0:44 | Peon |
| 1:00 | Peon |
| 1:09 | War Mill |
| 1:19 | Orc Burrow |
| 1:22 | Peon |
| 1:24 | Peon |
| 1:35 | Voodoo Lounge |
| 1:37 | Peon |
| 1:54 | Peon |
| 1:54 | Peon |
| 1:55 | Peon |
| 2:13 | Peon |
| 2:13 | Peon |
| 2:17 | Peon |
| 2:33 | Wind Walk |
| 3:36 | Peon |
| 3:36 | Peon |
| 3:41 | Watch Tower |
| 3:43 | Watch Tower |
| 3:45 | Healing Salve |
| 3:46 | Lesser Clarity Potion |
| 4:00 | Boots of Speed |
| 4:01 | Staff of Teleportation |
| 4:50 | Watch Tower |
| 4:51 | Watch Tower |
| 4:56 | Great Hall |
| 5:42 | Spiked Barricades |
| 5:53 | Watch Tower |
| 6:21 | Watch Tower |
| 6:25 | Peon |
| 6:33 | Critical Strike |
| 6:57 | Healing Salve |
| 6:58 | Lesser Clarity Potion |
| 7:07 | Watch Tower |
| 7:11 | Watch Tower |
| 8:27 | Stronghold |
| 8:31 | Watch Tower |
| 8:32 | Watch Tower |
| 8:43 | Lesser Clarity Potion |
| 9:16 | Goblin Shredder |
| 10:38 | Watch Tower |
| 10:39 | Watch Tower |
| 10:40 | Watch Tower |
| 10:51 | Fortress |
| 11:02 | Reinforced Defenses |
| 11:02 | Improved Spiked Barricades |
| 11:49 | Watch Tower |
| 11:52 | Watch Tower |
| 14:38 | Voodoo Lounge |
| 15:20 | Spirit Lodge |
| 15:22 | Orc Burrow |
| 16:03 | Wind Walk |
| 16:12 | Watch Tower |
| 16:12 | Watch Tower |
| 16:13 | Watch Tower |
| 16:14 | Watch Tower |
| 16:15 | Watch Tower |
| 16:21 | Orb of Lightning |
| 18:00 | Critical Strike |
| 18:01 | Mirror Image |
| 18:18 | Watch Tower |
| 18:20 | Watch Tower |
| 18:20 | Watch Tower |
| 18:23 | Watch Tower |
| 18:26 | Watch Tower |
| 18:33 | Watch Tower |
| 18:34 | Watch Tower |
| 18:34 | Watch Tower |
| 19:31 | Boots of Speed |
| 20:03 | Brilliance Aura |
| 21:30 | Witch Doctor Adept Training |
| 21:31 | Troll Witch Doctor |
| 21:31 | Troll Witch Doctor |
| 21:36 | Beastiary |
| 22:29 | Orb of Lightning |
| 22:34 | Witch Doctor Master Training |
| 22:35 | Troll Witch Doctor |
| 22:35 | Troll Witch Doctor |
| 22:36 | Troll Witch Doctor |
| 24:56 | Bladestorm |
| 27:01 | Altar of Storms |
| 27:07 | Orc Burrow |
| 27:12 | Shaman Adept Training |
| 27:13 | War Drums Damage Increase |
| 27:13 | Kodo Beast |
| 28:12 | Shaman Master Training |
| 28:13 | Shaman |
| 28:14 | Shaman |
| 28:14 | Shaman |
| 28:27 | Watch Tower |
| 28:28 | Watch Tower |
| 28:29 | Watch Tower |
| 28:30 | Watch Tower |
| 28:30 | Watch Tower |
| 28:31 | Watch Tower |
| 28:33 | Watch Tower |
| 28:43 | Watch Tower |
| 28:46 | Watch Tower |
| 28:48 | Watch Tower |
| 28:50 | Watch Tower |
| 28:52 | Watch Tower |
| 28:55 | Watch Tower |
| 28:57 | Watch Tower |
| 30:44 | War Mill |
| 32:11 | Watch Tower |
| 32:11 | Watch Tower |
| 32:12 | Watch Tower |
| 32:13 | Watch Tower |
| 32:14 | Watch Tower |
| 32:15 | Watch Tower |
| 32:16 | Watch Tower |
| 33:55 | Watch Tower |
| 33:56 | Watch Tower |
| 33:57 | Watch Tower |
| 33:58 | Watch Tower |
| 33:59 | Watch Tower |
| 34:00 | Watch Tower |
| 34:01 | Watch Tower |
| 37:45 | Orc Burrow |
| 37:49 | Orc Burrow |
| 38:21 | Brilliance Aura |
| 38:24 | Troll Witch Doctor |
| 38:24 | Troll Witch Doctor |
| 38:24 | Troll Witch Doctor |
| 38:27 | Troll Witch Doctor |
| 38:28 | Shaman |
| 38:28 | Shaman |
| 38:28 | Shaman |
| 41:27 | Critical Strike |
| 43:07 | Periapt of Vitality |
| 47:20 | Mirror Image |
| 52:25 | Blizzard |
| Right click | 3117 |
| Select | 466 |
| Chat | 198 |
| Build/train/purchase | 135 |
| Select group | 96 |
| Use ability | 94 |
| Resource trade | 75 |
| Misc. action | 38 |
| Minimap ping | 22 |
| Esc | 8 |
| Assign group | 7 |
| Item give/drop | 4 |
| Remove unit | 2 |
Cabeelibob
(194)
(57:49) : 

| Peasant | 18 | 1350 | / | 0 |
| Dragonhawk Rider | 11 | 2200 | / | 330 |
| Sorceress | 3 | 465 | / | 60 |
| total: | 32 | 4015g | / | 390w |
| Scout Tower | 123 | 3690 | / | 2460 |
| Arcane Tower | 10 | 700 | / | 500 |
| Guard Tower | 19 | 1330 | / | 950 |
| Altar of Kings | 2 | 360 | / | 100 |
| Farm | 8 | 640 | / | 160 |
| Lumber Mill | 2 | 240 | / | 0 |
| Blacksmith | 1 | 140 | / | 60 |
| Town Hall | 2 | 770 | / | 410 |
| Arcane Vault | 1 | 130 | / | 30 |
| Barracks | 1 | 160 | / | 60 |
| Cannon Tower | 2 | 240 | / | 200 |
| Workshop | 1 | 140 | / | 140 |
| Arcane Sanctum | 2 | 300 | / | 280 |
| Gryphon Aviary | 2 | 280 | / | 300 |
| Keep | 1 | 320 | / | 210 |
| Castle | 1 | 360 | / | 210 |
| total: | 145 | 6850g | / | 4000w |
| 0:06 | Altar of Kings |
| 0:09 | Farm |
| 0:09 | Peasant |
| 0:27 | Peasant |
| 0:44 | Peasant |
| 0:50 | Lumber Mill |
| 0:54 | Farm |
| 0:56 | Peasant |
| 1:16 | Peasant |
| 1:27 | Peasant |
| 1:35 | Scout Tower |
| 1:39 | Peasant |
| 1:46 | Peasant |
| 1:52 | Improved Masonry |
| 1:54 | Peasant |
| 2:07 | Storm Bolt |
| 2:32 | Arcane Tower |
| 2:33 | Peasant |
| 2:33 | Peasant |
| 2:37 | Farm |
| 2:41 | Farm |
| 2:47 | Improved Lumber Harvesting |
| 3:11 | Peasant |
| 3:11 | Peasant |
| 3:20 | Scout Tower |
| 3:28 | Scout Tower |
| 3:31 | Peasant |
| 3:31 | Peasant |
| 3:31 | Peasant |
| 3:58 | Guard Tower |
| 3:59 | Peasant |
| 4:26 | Scout Tower |
| 4:35 | Scout Tower |
| 4:37 | Scout Tower |
| 4:41 | Peasant |
| 4:56 | Scout Tower |
| 4:56 | Scout Tower |
| 4:58 | Scout Tower |
| 4:58 | Scout Tower |
| 4:59 | Keep |
| 5:05 | Arcane Tower |
| 5:06 | Arcane Tower |
| 5:09 | Scout Tower |
| 5:12 | Scout Tower |
| 5:16 | Scout Tower |
| 5:19 | Scout Tower |
| 5:21 | Guard Tower |
| 5:31 | Guard Tower |
| 5:39 | Guard Tower |
| 5:42 | Scout Tower |
| 5:44 | Scout Tower |
| 5:44 | Guard Tower |
| 5:45 | Guard Tower |
| 5:49 | Scout Tower |
| 5:59 | Guard Tower |
| 6:12 | Blacksmith |
| 6:17 | Scout Tower |
| 6:19 | Scout Tower |
| 6:26 | Guard Tower |
| 6:29 | Guard Tower |
| 6:48 | Guard Tower |
| 6:50 | Scout Tower |
| 6:51 | Scout Tower |
| 6:51 | Scout Tower |
| 7:23 | Castle |
| 7:47 | Workshop |
| 7:50 | Arcane Sanctum |
| 7:54 | Gryphon Aviary |
| 8:01 | Arcane Sanctum |
| 8:08 | Advanced Masonry |
| 8:41 | Holy Light |
| 8:54 | Lumber Mill |
| 9:32 | Town Hall |
| 9:39 | Scout Tower |
| 9:40 | Scout Tower |
| 9:53 | Sorceress Adept Training |
| 9:57 | Fragmentation Shards |
| 10:00 | Cannon Tower |
| 10:12 | Cannon Tower |
| 10:15 | Imbued Masonry |
| 10:24 | Arcane Vault |
| 10:29 | Guard Tower |
| 10:31 | Scout Tower |
| 10:32 | Scout Tower |
| 10:33 | Scout Tower |
| 11:03 | Guard Tower |
| 11:11 | Guard Tower |
| 11:27 | Scout Tower |
| 11:28 | Scout Tower |
| 11:28 | Scout Tower |
| 11:46 | Scout Tower |
| 11:47 | Scout Tower |
| 11:52 | Cloud |
| 11:54 | Dragonhawk Rider |
| 11:54 | Dragonhawk Rider |
| 11:54 | Dragonhawk Rider |
| 12:14 | Guard Tower |
| 12:16 | Guard Tower |
| 12:29 | Sorceress |
| 12:29 | Sorceress |
| 12:29 | Sorceress |
| 12:52 | Guard Tower |
| 12:53 | Guard Tower |
| 13:16 | Guard Tower |
| 16:53 | Studded Leather Armor |
| 18:29 | Reinforced Leather Armor |
| 18:38 | Barracks |
| 21:42 | Dragonhide Armor |
| 21:46 | Animal War Training |
| 24:26 | Dragonhawk Rider |
| 24:26 | Dragonhawk Rider |
| 29:28 | Dragonhawk Rider |
| 29:28 | Dragonhawk Rider |
| 29:28 | Dragonhawk Rider |
| 30:21 | Farm |
| 32:20 | Farm |
| 32:20 | Farm |
| 32:21 | Farm |
| 33:17 | Dragonhawk Rider |
| 33:17 | Dragonhawk Rider |
| 33:17 | Dragonhawk Rider |
| 33:31 | Gryphon Aviary |
| 37:21 | Town Hall |
| 37:27 | Scout Tower |
| 37:28 | Scout Tower |
| 37:28 | Scout Tower |
| 39:35 | Guard Tower |
| 39:37 | Scout Tower |
| 39:37 | Scout Tower |
| 39:38 | Scout Tower |
| 40:39 | Altar of Kings |
| 43:08 | Scout Tower |
| 43:08 | Scout Tower |
| 43:08 | Scout Tower |
| 43:09 | Scout Tower |
| 43:10 | Scout Tower |
| 43:10 | Scout Tower |
| 43:11 | Scout Tower |
| 43:11 | Scout Tower |
| 43:12 | Scout Tower |
| 43:12 | Scout Tower |
| 43:13 | Scout Tower |
| 43:13 | Scout Tower |
| 43:58 | Arcane Tower |
| 43:59 | Arcane Tower |
| 44:25 | Arcane Tower |
| 46:32 | Arcane Tower |
| 46:34 | Scout Tower |
| 46:35 | Scout Tower |
| 46:36 | Scout Tower |
| 46:37 | Scout Tower |
| 47:04 | Arcane Tower |
| 47:06 | Arcane Tower |
| 47:08 | Arcane Tower |
| 47:11 | Scout Tower |
| 47:11 | Scout Tower |
| 47:12 | Scout Tower |
| 47:12 | Scout Tower |
| 47:45 | Scout Tower |
| 47:46 | Scout Tower |
| 47:46 | Scout Tower |
| 47:47 | Scout Tower |
| 47:51 | Scout Tower |
| 47:52 | Scout Tower |
| 47:52 | Scout Tower |
| 48:13 | Scout Tower |
| 48:13 | Scout Tower |
| 48:15 | Scout Tower |
| 48:16 | Scout Tower |
| 48:17 | Scout Tower |
| 48:20 | Scout Tower |
| 48:20 | Scout Tower |
| 48:21 | Scout Tower |
| 48:23 | Scout Tower |
| 48:25 | Scout Tower |
| 48:27 | Scout Tower |
| 48:48 | Scout Tower |
| 48:53 | Scout Tower |
| 48:54 | Scout Tower |
| 48:54 | Scout Tower |
| 48:55 | Scout Tower |
| 48:56 | Scout Tower |
| 49:04 | Scout Tower |
| 49:16 | Scout Tower |
| 49:17 | Scout Tower |
| 49:17 | Scout Tower |
| 49:32 | Scout Tower |
| 49:33 | Scout Tower |
| 49:33 | Scout Tower |
| 50:04 | Scout Tower |
| 50:05 | Scout Tower |
| 50:05 | Scout Tower |
| 50:07 | Scout Tower |
| 50:08 | Scout Tower |
| 50:12 | Scout Tower |
| 50:13 | Scout Tower |
| 50:18 | Scout Tower |
| 50:19 | Scout Tower |
| 50:19 | Scout Tower |
| 50:19 | Scout Tower |
| 50:20 | Scout Tower |
| 50:21 | Scout Tower |
| 50:41 | Scout Tower |
| 50:42 | Scout Tower |
| 50:42 | Scout Tower |
| 50:43 | Scout Tower |
| 50:59 | Scout Tower |
| 50:59 | Scout Tower |
| 51:00 | Scout Tower |
| 51:02 | Scout Tower |
| 51:37 | Scout Tower |
| 51:37 | Scout Tower |
| 51:37 | Scout Tower |
| 51:38 | Scout Tower |
| 52:04 | Scout Tower |
| 57:04 | Scout Tower |
| 57:04 | Scout Tower |
| 57:05 | Scout Tower |
| 57:05 | Scout Tower |
| 57:06 | Scout Tower |
| 57:25 | Scout Tower |
| 57:26 | Scout Tower |
| 57:28 | Scout Tower |
| Right click | 2007 |
| Select group | 1444 |
| Select | 526 |
| Chat | 207 |
| Build/train/purchase | 103 |
| Resource trade | 96 |
| Assign group | 26 |
| Misc. action | 19 |
| Use ability | 13 |
| Minimap ping | 9 |
| Remove unit | 6 |
⇛